Map: Blackburn LE

Players

Kas - Winner!

  • Race: Terran Terran
  • League: Grandmaster

MarineLorD

  • Race: Terran Terran
  • League: Master

Event: DreamHack SC2 Masters 2021 Summer

VOD

Have the link to the VOD?

Description

Time

  • Played on: May 23, 2021, 11:21 a.m.
  • Length: 14:01

All games in this series

Show
View Real Time Build Order
Export as new Build Order

Kas Terran - Winner!

Build Orders:  

Get SALT Encoding   

  12  0:00  SCV  
  13  0:12  SCV  
  14  0:17  Supply Depot  
  14  0:24  SCV  
  15  0:38  SCV  
  15  0:40  Barracks  
  16  0:43  Refinery  
  16  0:50  SCV  
  17  0:59  Barracks  
  17  1:03  SCV  
  18  1:09  Refinery  
  18  1:15  SCV  
  19  1:28  Reaper  
  19  1:32  Orbital Command  
  20  1:41  Supply Depot  
  20  1:46  Reaper  
  21  1:58  SCV  
  22  2:03  Factory  
  22  2:08  Reaper  
  23  2:12  SCV  
  24  2:19  Reaper  
  25  2:24  SCV  
  26  2:36  SCV  
  27  2:40  Reaper  
  28  2:45  Supply Depot  
  28  2:48  SCV  
  30  2:51  Hellion  
  30  3:01  Reaper  
  31  3:06  SCV  
  31  3:12  Reaper  
  32  3:14  Widow Mine  
  32  3:18  SCV  
  35  3:20  Command Center  
  35  3:27  Supply Depot  
  35  3:31  SCV  
  35  3:33  Marine  
  37  3:36  Factory Tech Lab  
  37  3:42  Supply Depot  
  37  3:43  SCV  
  37  3:44  Marine  
  34  4:05  Cyclone  
  34  4:06  Marine x2  
  36  4:21  SCV  
  36  4:24  Starport, Marine  
  35  4:34  SCV  
  35  4:41  Orbital Command  
  32  4:46  SCV  
  32  4:48  Cyclone  
  32  4:52  Barracks Reactor, Barracks Tech Lab  
  36  4:58  SCV  
  36  4:59  Orbital Command  
  37  5:01  Medivac  
  37  5:04  Refinery  
  39  5:10  SCV  
  39  5:12  Marine  
  41  5:20  Stimpack  
  41  5:22  SCV  
  41  5:24  SCV  
  41  5:27  Factory Tech Lab  
  43  5:31  Marine  
  43  5:32  Supply Depot  
  43  5:34  SCV, Marine  
  43  5:35  Marine  
  47  5:36  SCV  
  48  5:46  SCV  
  48  5:47  Raven  
  48  5:49  Marine  
  52  5:50  SCV  
  52  5:52  Marine, Supply Depot  
  52  5:53  Marine  
  55  5:58  SCV  
  55  6:02  SCV  
  57  6:06  Marine  
  57  6:09  Command Center  
  57  6:10  Marine  
  60  6:11  SCV, Marine  
  60  6:13  Siege Tank  
  64  6:22  SCV  
  64  6:23  SCV  
  64  6:25  Refinery  
  59  6:29  Marine  
  59  6:34  SCV  
  59  6:35  SCV  
  61  6:44  Viking x2  
  61  6:45  Siege Tank  
  61  6:46  SCV  
  70  6:47  Combat Shield  
  70  6:51  Supply Depot  
  70  6:54  Supply Depot  
  70  6:55  SCV  
  70  6:58  Barracks  
  70  7:03  Engineering Bay  
  70  7:04  Engineering Bay  
  70  7:12  SCV x2, Marine  
  73  7:15  Viking  
  73  7:19  Barracks Reactor, Viking  
  73  7:22  Orbital Command  
  76  7:24  SCV  
  76  7:25  SCV  
  78  7:30  Siege Tank  
  78  7:34  Terran Infantry Armor Level 1, Terran Infantry Weapons Level 1  
  78  7:36  SCV  
  82  7:39  Marine  
  82  7:40  SCV  
  84  7:44  Barracks Reactor  
  84  7:47  Barracks  
  84  7:48  Barracks  
  84  7:53  Viking x2  
  84  7:54  SCV  
  89  7:59  Marine  
  89  8:00  Marine x2  
  90  8:08  SCV, Orbital Command  
  90  8:10  Siege Tank  
  90  8:12  SCV  
  95  8:15  Supply Depot  
  95  8:17  Marine x2  
  97  8:20  SCV  
  97  8:24  SCV  
  97  8:25  Marine x2  
  101  8:30  Marine  
  101  8:33  SCV  
  101  8:35  Supply Depot  
  101  8:36  SCV, Marine, Viking x2  
  101  8:37  Marine, Supply Depot  
  101  8:40  Barracks Reactor x2  
  108  8:45  SCV  
  108  8:47  Factory  
  109  8:49  Supply Depot  
  109  8:53  Armory  
  109  8:56  SCV x2, Marine x2  
  87  9:17  Marine  
  87  9:18  Marine x2  
  87  9:19  SCV, Marine x6  
  87  9:20  Medivac x2, Siege Tank  
  87  9:23  SCV x2  
  98  9:26  Refinery  
  96  9:35  Marine x2  
  96  9:36  Marine x2  
  96  9:37  Marine x5  
  100  9:51  SCV x2  
  99  9:53  SCV, Marine x3  
  99  9:55  Marine x4  
  99  9:56  Refinery  
  99  9:57  Marine x2, Medivac x2, Siege Tank  
  99  9:59  Command Center  
  116  10:03  SCV x2  
  116  10:04  Terran Infantry Weapons Level 2  
  118  10:08  Siege Tank  
  118  10:11  Marine x3  
  118  10:12  Marine  
  118  10:13  Marine x2  
  127  10:17  SCV  
  127  10:18  SCV  
  127  10:19  Marine  
  127  10:20  Marine  
  131  10:22  Terran Infantry Armor Level 2, Supply Depot x2  
  131  10:23  Marine  
  122  10:29  Marine x3  
  122  10:30  Marine  
  122  10:33  Sensor Tower  
  122  10:35  Marine x2  
  126  10:36  Siege Tank  
  126  10:37  Marine  
  126  10:38  SCV  
  133  10:50  Marine x6  
  133  10:51  Siege Tank  
  133  10:52  Medivac  
  133  10:53  Marine  
  133  10:54  SCV  
  133  10:56  SCV  
  147  10:58  SCV  
  147  11:01  Marine  
  149  11:04  Supply Depot  
  149  11:06  SCV, Marine, Supply Depot  
  151  11:11  Orbital Command  
  151  11:19  Marine x6  
  151  11:24  Marine x2  
  151  11:25  Siege Tank x2  
  164  11:26  Marine  
  157  11:37  Marine  
  157  11:41  Marine  
  157  11:47  Marine x2  
  157  11:50  Marine x4  
  157  11:52  Marine  
  157  11:53  Medivac x2  
  154  11:55  Marine  
  154  11:57  Siege Tank  
  154  11:58  Barracks, Marine  
  154  11:59  Barracks  
  154  12:00  Barracks, Siege Tank  
  160  12:04  Marine  
  160  12:05  Marine  
  160  12:08  Marine x4  
  162  12:10  Marine  
  162  12:12  Marine  
  167  12:16  Marine  
  167  12:20  Missile Turret  
  167  12:22  Marine x2  
  168  12:24  Missile Turret  
  168  12:26  Marine x4  
  168  12:28  Marine  
  168  12:30  Marine  
  168  12:34  Marine  
  170  12:38  Siege Tank x2  
  170  12:39  Medivac  
  170  12:40  Marine x2  
  170  12:41  Medivac  
  170  12:43  Marine, Missile Turret  
  170  12:44  Marine x3  
  183  12:45  Marine x2  
  188  12:56  Marine  
  188  12:58  Marine x3  
  188  12:59  Marine  
  188  13:09  Marine, Supply Depot  
  188  13:10  Marine, Supply Depot  
  188  13:11  Marine  
  188  13:13  Command Center  
  188  13:22  Marine  
  188  13:30  Marine x8  
  188  13:31  Marine x3  
  199  13:39  Marine  
  200  13:48  Starport  
  200  13:49  Starport  
  200  13:50  Starport  
Show
View Real Time Build Order
Export as new Build Order

MarineLorD Terran 

Build Orders:  

Get SALT Encoding   

  12  0:00  SCV  
  13  0:12  SCV  
  14  0:17  Supply Depot  
  14  0:24  SCV  
  15  0:39  SCV, Barracks  
  16  0:46  Refinery  
  16  0:51  SCV  
  16  0:56  Refinery  
  17  1:03  SCV  
  18  1:15  SCV  
  19  1:27  Orbital Command  
  19  1:30  Barracks Tech Lab  
  19  1:35  Supply Depot  
  19  1:48  Concussive Shells  
  19  1:49  Marauder  
  19  1:52  SCV  
  22  1:59  Factory  
  22  2:04  SCV  
  23  2:10  Marauder  
  25  2:16  SCV  
  25  2:22  Supply Depot  
  26  2:28  SCV  
  27  2:31  Marauder  
  29  2:40  SCV  
  30  2:47  Hellion  
  31  2:53  SCV, Marauder  
  31  2:54  Supply Depot  
  34  3:05  SCV  
  35  3:08  Hellion  
  37  3:19  SCV  
  38  3:29  Factory Tech Lab  
  38  3:30  Command Center  
  38  3:34  SCV  
  39  3:46  SCV  
  43  3:48  Cyclone  
  43  3:58  SCV  
  33  4:10  SCV  
  31  4:22  SCV  
  30  4:28  Starport  
  30  4:34  SCV  
  30  4:36  Cyclone  
  34  4:44  Orbital Command  
  30  4:51  Command Center  
  30  4:56  SCV  
  31  5:03  Orbital Command  
  31  5:04  Barracks  
  31  5:05  Starport Tech Lab  
  31  5:08  SCV  
  31  5:13  Siege Tank  
  35  5:20  SCV  
  36  5:24  Raven  
  38  5:33  SCV  
  39  5:36  SCV  
  39  5:41  Refinery  
  40  5:45  SCV, Siege Tank  
  40  5:48  SCV  
  45  5:51  Barracks Reactor  
  45  5:57  SCV  
  45  6:00  SCV  
  46  6:09  SCV  
  44  6:12  SCV, Raven, Orbital Command  
  45  6:21  SCV  
  45  6:24  SCV  
  45  6:25  Siege Tank  
  50  6:30  Marine x2  
  52  6:33  SCV  
  52  6:36  SCV  
  52  6:38  SCV  
  55  6:45  SCV  
  56  6:48  SCV  
  56  6:50  SCV  
  60  6:57  SCV  
  60  7:00  Siege Tank, Supply Depot  
  60  7:01  SCV  
  63  7:03  SCV  
  63  7:04  Barracks  
  63  7:05  Barracks  
  63  7:07  Viking  
  66  7:09  SCV  
  66  7:13  SCV  
  66  7:14  Supply Depot  
  66  7:15  Refinery, SCV  
  69  7:21  SCV  
  70  7:25  SCV  
  70  7:27  SCV  
  70  7:29  Viking  
  74  7:30  Marine  
  74  7:34  SCV  
  74  7:37  SCV, Viking  
  76  7:39  SCV  
  76  7:42  Engineering Bay  
  76  7:43  Engineering Bay  
  80  7:46  SCV  
  80  7:48  Siege Tank  
  80  7:49  SCV  
  85  7:52  Supply Depot  
  85  7:55  Barracks Reactor x2  
  85  7:56  Orbital Command, Marine  
  85  7:57  Stimpack  
  86  8:03  SCV  
  87  8:07  SCV  
  87  8:10  Viking  
  87  8:11  Viking  
  91  8:14  Marine  
  91  8:15  SCV  
  91  8:17  Terran Infantry Armor Level 1, Terran Infantry Weapons Level 1  
  93  8:22  SCV, Siege Tank  
  93  8:24  SCV  
  98  8:27  SCV  
  99  8:34  SCV  
  99  8:35  Marine  
  101  8:42  Marine, Viking x2  
  106  8:53  Refinery, SCV x2  
  106  8:54  Refinery, Sensor Tower  
  108  8:55  SCV  
  108  9:01  Armory  
  109  9:04  Marine x2  
  109  9:06  SCV, Marine  
  101  9:12  Marine x2  
  87  9:18  Siege Tank  
  87  9:19  SCV x2  
  87  9:22  Marine x2  
  87  9:23  Marine  
  90  9:27  SCV  
  90  9:28  Viking x2  
  90  9:30  Marine x2  
  93  9:39  SCV  
  93  9:40  Marine x2  
  93  9:43  SCV, Marine  
  89  9:46  SCV  
  89  9:48  Marine  
  89  9:50  Siege Tank  
  89  9:52  Marine  
  95  9:54  SCV  
  95  9:56  Sensor Tower  
  95  9:57  Combat Shield  
  96  10:03  Marine x2  
  98  10:10  Barracks x2, Marine x2  
  100  10:15  Terran Infantry Weapons Level 2  
  100  10:18  Terran Infantry Armor Level 2  
  100  10:22  Terran Vehicle Weapons Level 1  
  100  10:27  Siege Tank  
  103  10:28  Marine  
  103  10:29  Marine x2  
  103  10:34  Marine, Supply Depot  
  107  10:36  Medivac  
  107  10:39  Supply Depot  
  107  10:40  Supply Depot  
  109  10:51  Supply Depot  
  109  10:53  Supply Depot  
  109  10:56  SCV x3, Marine x4  
  116  10:58  Factory  
  116  10:59  Marine  
  116  11:00  Medivac  
  116  11:01  Barracks Reactor  
  116  11:02  Barracks Reactor  
  119  11:06  Medivac  
  119  11:09  Siege Tank  
  124  11:13  Marine x4  
  124  11:17  Marine  
  129  11:21  SCV x3  
  132  11:30  Medivac  
  132  11:31  Marine x4  
  137  11:35  Marine  
  137  11:38  SCV x2  
  137  11:41  Marine  
  137  11:43  SCV  
  137  11:46  Marine  
  134  11:48  Marine  
  134  11:49  Marine x4  
  134  11:50  Marine  
  134  11:53  Marine  
  135  11:59  Marine  
  134  12:03  Command Center  
  134  12:04  SCV x2, Marine  
  134  12:06  Marine  
  134  12:07  Marine x4  
  141  12:18  Supply Depot  
  141  12:19  Supply Depot  
  141  12:21  Supply Depot  
  141  12:29  SCV  
  141  12:30  SCV, Marine  
  141  12:31  Marine x6  
  141  12:32  Marine  
  141  12:38  Marine  
  141  12:39  Siege Tank  
  144  12:48  Marine x4  
  144  12:49  Marine x3  
  144  12:50  Marine  
  152  12:56  Marine  
  146  13:06  Marine x4  
  146  13:07  Marine x3  
  146  13:08  Marine  
  146  13:11  Siege Tank  
  159  13:13  Marine, Liberator x2  
  159  13:19  Supply Depot  
  164  13:20  Supply Depot  
  164  13:22  Command Center, Supply Depot  
  164  13:24  Marine  
  165  13:34  Marine  
  165  13:40  Marine x7  
  172  13:42  Marine  
Tags
 
Add a new tag
Caveats
  • Supply blocks, unpowered buildings, or Contaminate may cause inaccurate times.
  • Supply counts are checked every 10 seconds.